 Dungeon Crawl Stone Soup version 0.30-a0-358-g0d69a1922f (webtiles) character file.

Game seed: 3823543428308071936

2507 Pestilence the Carver (level 9, -5/68 HPs)
             Began as a Vampire Gladiator on Nov 9, 2022.
             Was a Priest of Okawaru.
             Slain by an orc warrior
             ... wielding a +1 short sword of electrocution
              (13 damage)
             ... on level 6 of the Dungeon.
             The game lasted 00:10:21 (6609 turns).

Pestilence the Carver (Vampire Gladiator)           Turns: 6609, Time: 00:10:22

Health: -5/68      AC:  9    Str: 17    XL:     9   Next: 28%
Magic:  9/9        EV: 12    Int: 10    God:    Okawaru [***...]
Gold:   430        SH:  0    Dex: 16    Spells: 8/8 levels left

rFire   . . .      SeeInvis +    a - +1 long sword
rCold   + . .      Faith    .    (no shield)
rNeg    . . .      Spirit   .    p - +0 scale mail
rPois   +          Reflect  .    c - +0 helmet
rElec   .          Harm     .    t - +0 cloak "Ufus Tesh" {rPois}
rCorr   .          Rampage  .    (no gloves)
Will    .....                    (no boots)
Stlth   +.........               (no amulet)
HPRegen 0.51/turn                i - ring of protection from cold
MPRegen 0.11/turn                (no ring)

@: healing quickly
A: alive, fangs 3, see invisible, vampiric 2
a: Exsanguinate, Renounce Religion, Heroism


You were on level 6 of the Dungeon.
You worshipped Okawaru.
Okawaru was most pleased with you.
You visited 2 branches of the dungeon, and saw 7 of its levels.
You also visited: Sewer and Ossuary.

You collected 430 gold pieces.

Inventory:

Hand Weapons
 a - a +1 long sword (weapon)
Armour
 c - a +0 helmet (worn)
 p - a +0 scale mail (worn)
 t - the +0 cloak "Ufus Tesh" (worn) {rPois}
   (You found it on level 5 of the Dungeon)

   rPois:     It protects you from poison.
Jewellery
 b - a ring of resist corrosion
 i - a ring of protection from cold (left hand)
 l - an amulet of guardian spirit
Wands
 n - a wand of digging (5)
 o - a wand of iceblast (2)
Scrolls
 d - a scroll of magic mapping
 v - 2 scrolls of teleportation
 w - a scroll of fear
Potions
 e - a potion of heal wounds
 f - 2 potions of brilliance {unknown}
 g - 10 potions of lignification
 h - a potion of magic
 j - 2 potions of attraction
 k - a potion of cancellation
 m - 8 potions of curing
 q - 2 potions of mutation
 r - 3 potions of haste {unknown}
 s - 2 potions of flight {unknown}
 u - a potion of invisibility {unknown}


   Skills:
 + Level 5.0 Fighting
 + Level 8.8 Long Blades
 + Level 1.7 Throwing
 + Level 4.4 Armour
 + Level 6.7 Dodging
 + Level 2.2 Stealth
 + Level 0.1 Evocations


You had 8 spell levels left.
You didn't know any spells.
Your spell library contained the following spells:

 Spells                   Type           Power      Damage    Failure   Level
 Foxfire                  Conj/Fire      0%         2x1d4     77%         1
 Frozen Ramparts          Ice            0%         1d1       98%         3
 Ice Form                 Ice/Tmut       0%         N/A       100%        4
 Fireball                 Conj/Fire      0%         3d3       100%        5
 Starburst                Conj/Fire      0%         6d3       100%        6
 Summon Ice Beast         Ice/Summ       Unusable   N/A       N/A         4

Dungeon Overview and Level Annotations

Branches:
Dungeon (6/15)             Temple (1/1) D:4           Sewer (visited)
Ossuary (visited)

Altars:
Cheibriados
Dithmenos
Fedhas
Gozag
Hepliaklqana
Kikubaaqudgha
Makhleb
Okawaru
Ru
Trog
Uskayaw
Vehumet
Wu Jian
Lugonu

Shops:
D:3 :   D:5 *


Innate Abilities, Weirdness & Mutations

Your natural rate of healing is accelerated.
You have razor-sharp teeth.
You have supernaturally acute eyesight. (SInv)
You are afflicted with vampirism and can become a bat while bloodless.


Message History

The water moccasin bites you.
You hit the water moccasin.
The water moccasin is almost dead.
You feel sick.
You are no longer poisoned.
The water moccasin bites you.
You slash the water moccasin!
You kill the water moccasin!
Okawaru accepts your kill.
You start resting.
HP restored.
An orc warrior and an orc come into view.
The orc warrior is wielding a +1 short sword of electrocution.
The orc is wielding a +0 dagger and wearing a +1 leather armour of poison resistance.
The orc warrior shouts!
The orc shouts!
There are monsters nearby!
An orc wizard and an orc come into view.
Found a chain mail.
The orc wizard shouts!
The orc shouts!
The orc wizard points at you and mumbles some strange words.
The puff of flame hits you.
The orc moves out of view.
There are monsters nearby!
The orc warrior hits you with a +1 short sword of electrocution.
You are electrocuted!!
You hit the orc warrior.
The orc warrior is lightly wounded.
The orc warrior hits you with a +1 short sword of electrocution!
You hit the orc warrior but do no damage.
The orc warrior is lightly wounded.
The orc warrior hits you with a +1 short sword of electrocution!
You hit the orc warrior. Your bite misses the orc warrior.
The orc warrior is moderately wounded.
The orc warrior hits you with a +1 short sword of electrocution!
* * * LOW HITPOINT WARNING * * *
You are electrocuted!
* * * LOW HITPOINT WARNING * * *
You slash the orc warrior!
The orc warrior is heavily wounded.
The orc warrior hits you but does no damage.
You are electrocuted!
You die...

#............######*,*******
#.........#.......,,,*
#............)..#*****
.......<........#
................#####******
#....................,,,,,**
..........##...#######***,,*
..........##.#..##o..# **,*
###.)...........@oo..# *,,*
#..#######....##...#***,**
###.## ###...,,....#*,*
#...# #...#,,.#.#*,* ..#.#
##...*,*#,#,,* ..#.#
***#.#.#,,*,,,** ..>.#
*,,....[*,,,,** #..##
*,,..,,,**,,,*** #..#
*,,,,,,,***,,,,*


You could see an orc warrior and 2 orcs.

Vanquished Creatures
  Prince Ribbit (D:5)
  A water moccasin (D:6)
  2 ice beasts (D:5)
  2 sky beasts (D:6)
  2 black bears (D:5)
  4 kobold brigands
  A phantom (D:6)
  3 scorpions
  A necrophage (D:5)
  3 water moccasin zombies (Ossuary)
  4 jellies
  An orc priest (D:3)
  A gnoll bouda (D:5)
  A hound (D:5)
  An iron imp (D:3)
  Ijyb (D:3)
  2 iguanas
  3 orc wizards (D:3)
  2 mummies (Ossuary)
  9 gnolls
  10 river rats (Sewer)
  11 adders
  An ufetubus (D:5)
  8 adder zombies (Ossuary)
  A worm (D:3)
  10 dart slugs
  12 orcs
  7 bats
  10 endoplasms
  4 giant cockroaches
  A goblin (D:2)
  9 hobgoblins
  6 quokkas
  16 ball pythons
  7 frilled lizards
  2 gnoll zombies (Ossuary)
  3 hobgoblin zombies (Ossuary)
  24 kobolds
  4 kobold zombies (Ossuary)
  4 orc zombies (Ossuary)
  16 rats
211 creatures vanquished.

Vanquished Creatures (others)
  A demonic plant (Temple)
1 creature vanquished.

Grand Total: 212 creatures vanquished

Notes
Turn   | Place    | Note
-------+----------+-------------------------------------------
     0 | D:1      | Pestilence the Vampire Gladiator began the quest for the
                  | Orb.
     0 | D:1      | Reached XP level 1. HP: 16/16 MP: 1/1
   319 | D:1      | Reached XP level 2. HP: 22/22 MP: 2/2
   784 | D:2      | Gained mutation: You are afflicted with vampirism and can
                  | become a bat while bloodless. [Vampire growth]
   784 | D:2      | Reached XP level 3. HP: 27/27 MP: 3/3
  1242 | D:2      | Reached skill level 4 in Long Blades
  1390 | D:3      | Noticed Ijyb
  1407 | D:3      | Killed Ijyb
  1408 | D:3      | Reached XP level 4. HP: 15/33 MP: 4/4
  1498 | D:3      | Found an ancient bone altar of Kikubaaqudgha.
  1507 | D:3      | Found a sacrificial altar of Ru.
  1925 | D:3      | Reached skill level 1 in Armour
  1925 | D:3      | Reached skill level 1 in Stealth
  1933 | D:3      | Reached XP level 5. HP: 16/30 MP: 5/5
  2540 | D:3      | Found a snail-covered altar of Cheibriados.
  2556 | D:3      | Reached skill level 5 in Long Blades
  2606 | D:3      | Found Pef Hor's Vocational Training.
  2624 | D:3      | Reached XP level 6. HP: 6/41 MP: 6/6
  3007 | D:4      | Found a blossoming altar of Fedhas.
  3175 | D:4      | Found a staircase to the Ecumenical Temple.
  3199 | Temple   | Entered the Ecumenical Temple
  3339 | Temple   | Became a worshipper of Warmaster Okawaru
  3670 | D:4      | Found a hide-covered altar of Uskayaw.
  3912 | D:5      | Entered Level 5 of the Dungeon
  3963 | D:5      | Found a glowing drain.
  3972 | Sewer    | Entered a sewer
  4170 | Sewer    | Reached skill level 6 in Long Blades
  4170 | Sewer    | Reached XP level 7. HP: 43/52 MP: 7/7
  4417 | Sewer    | Reached * piety under Okawaru
  4906 | D:5      | Identified the +0 cloak "Ufus Tesh" {rPois}
  4996 | D:5      | Reached skill level 5 in Dodging
  5033 | D:5      | Noticed Prince Ribbit
  5088 | D:5      | Reached XP level 8. HP: 49/60 MP: 8/8
  5217 | D:5      | Reached skill level 7 in Long Blades
  5219 | D:5      | Reached ** piety under Okawaru
  5414 | D:5      | Killed Prince Ribbit
  5514 | D:5      | Found Buto's Serpentskin Sales.
  6077 | D:6      | Reached skill level 8 in Long Blades
  6086 | D:6      | Found a sand-covered staircase.
  6097 | Ossuary  | Entered an ossuary
  6186 | Ossuary  | Reached XP level 9. HP: 58/66 MP: 9/9
  6238 | Ossuary  | Reached *** piety under Okawaru
  6461 | D:6      | Reached skill level 5 in Fighting
  6609 | D:6      | Slain by an orc warrior

Illustrated notes

Levels and vault maps discovered:
D:1:      dpeg_arrival_concentric_ovals, layout_loops_ring
D:2:      layout_loops_ring, st_stairs_7, minmay_pentomino_s2
D:3:      layout_loops_corners, slow_altar_2, jmf_multi_god_temple,
          nicolae_concentric_dashed_squares_mild,
          chequers_serial_rivers_micro_e, nicolae_shop_vocational, uniq_ijyb
D:4:      kennysheep_slugbush, layout_gridville, nicolae_uskayaw_dance_hall,
          fedhas_altar_3, minmay_temple_entry_mist
D:5:      layout_loops_ring, portal_sewer_entry_d, corner_web_ring,
          hangedman_decor_points, guppyfry_shop_venom, uniq_prince_ribbit1
D:6:      layout_rooms, nicolae_ashenzari_skybound, nicolae_ossuary_entry_ruins,
          ebering_ghost_rock_garden
Temple:   kb_corrupted_temple

Skill      XL: |  1  2  3  4  5  6  7  8  9 |
---------------+----------------------------+-----
Fighting       | 2 3 4 5 |  5.0
Long Blades    | 4 5 6 8 |  8.8
Armour         | 1 2 3 4 |  4.4
Stealth        | 1 2 |  2.2
Dodging        | 4 5 6 |  6.7
Throwing       | |  1.7
Evocations     | |  0.1

Action                   |  1- 3 |  4- 6 |  7- 9 || total
-------------------------+-------+-------+-------++-------
Melee: Long sword        |   125 |   236 |   403 ||   764
       Bite              |     9 |    31 |    47 ||    87
       Punch             |     1 |     3 |    10 ||    14
 Abil: Exsanguinate      |       |     1 |       ||     1
       Revivify          |       |     1 |       ||     1
Evoke: Wand              |       |       |     2 ||     2
  Use: Scroll            |       |    15 |     7 ||    22
       Potion            |       |       |     7 ||     7
 Stab: Sleeping          |     1 |     1 |       ||     2
Armor: Leather armour    |    44 |       |       ||    44
       Scale mail        |       |   108 |   224 ||   332
Dodge: Dodged            |   100 |   191 |   326 ||   617

Table legend: (Time is in decaauts)
 A = Elapsed time spent in this place.
 B = Non-inter-level travel time spent in this place.
 C = Inter-level travel time spent in this place.
 D = Time resting spent in this place.
 E = Time spent auto-exploring this place.
 F = Levels seen in this place.
 G = Mean time per level.
                   A        B        C        D        E       F      G
               +--------+--------+--------+--------+--------+-----+--------+
         Total |   6725 |   6512 |    213 |    536 |   3988 |   9 |  747.2 |
       Dungeon |   5346 |   5133 |    213 |    388 |   3399 |   6 |  891.0 |
        Temple |    175 |    175 |      0 |      0 |     92 |   1 |  175.0 |
         Sewer |    909 |    909 |      0 |     70 |    497 |   1 |  909.0 |
       Ossuary |    293 |    293 |      0 |     78 |      0 |   1 |  293.0 |
               +--------+--------+--------+--------+--------+-----+--------+

Top non-repeatable levels by time:
     D:3: 1544 daAuts
     D:5: 1253 daAuts
   Sewer: 909 daAuts
     D:4: 851 daAuts
     D:2: 718 daAuts
     D:1: 696 daAuts
 Ossuary: 293 daAuts
     D:6: 283 daAuts
  Temple: 175 daAuts
